 Dungeon Crawl Stone Soup version 0.31.0-32-g396128a36d (webtiles) character file.

Game seed: 6158753656565115080

438 hawla the Ducker (level 6, -3/30 HPs)
             Began as a Felid Shapeshifter on Mar 24, 2024.
             Slain by a wyvern (16 damage)
             ... on level 5 of the Dungeon.
             The game lasted 00:06:10 (2124 turns).

hawla the Ducker (Felid Shapeshifter)               Turns: 2124, Time: 00:06:11

Health: -3/30      AC:  2    Str: 12    XL:     6   Next: 69%
Magic:  7/7        EV: 20    Int: 13    God:
Gold:   94         SH:  0    Dex: 16    Spells: 5/5 levels left
                                        Lives:  0   Deaths: 2

rFire   . .          .
                       - Unarmed
rCold   . . .        (shield unavailable)
rNeg    . . .        (body armour unavailable)
rPois   .            (helmet unavailable)
rElec   .            (cloak unavailable)
rCorr   .            (gloves unavailable)
SInv    +            (boots unavailable)
Will    .....        (no amulet)
Stlth   +++          e - ring of flight
HPRegen 1.05/turn    (no ring)
MPRegen 0.10/turn

%: no passive effects
@: beast-form, flying
A: beast (slay +1), very small, claws 1, fangs 3, see invisible, shaggy fur 2,
stealthy paws, no weapons or thrown items, no armour, multi-lived, regeneration
1, MP-powered wands
a: Begin Untransformation


You were on level 5 of the Dungeon.
You were a hulking beast.
You visited 1 branch of the dungeon, and saw 5 of its levels.

You collected 94 gold pieces.

Inventory:

Jewellery
 e - a ring of flight (left paw)
 g - an amulet of faith
Talismans
 b - a beast talisman
 c - a flux talisman
Potions
 f - a potion of resistance {unknown}
 i - a potion of heal wounds {unknown}
 j - a potion of attraction {unknown}


   Skills:
 - Level 1.0 Fighting
 - Level 6.0 Dodging
 - Level 4.0 Stealth
 + Level 4.6 Unarmed Combat
 + Level 0.3 Conjurations
 - Level 3.0 Translocations
 + Level 1.3 Evocations
 + Level 2.9 Shapeshifting


You had 5 spell levels left.
You didn't know any spells.
Your spell library contained the following spells:

 Spells                   Type           Power      Damage    Failure   Level
 Volatile Blastmotes      Fire/Tloc      6%         2d10      45%         3
 Inner Flame              Hex/Fire       0%         N/A       67%         3
 Iskenderun's Mystic Bla  Conj/Tloc      4%         2d3       83%         4
 Fulminant Prism          Conj/Alch      0%         3d5       96%         4
 Irradiate                Conj/Alch      0%         3d11      100%        5
 Ignition                 Fire           0%         3d3       100%        8


Dungeon Overview and Level Annotations

Branches:
Dungeon (5/15)
 Temple: D:4-7

Altars:
Fedhas

Annotations:
D:3 Grinder
D:4 Dowan, Duvessa


Innate Abilities, Weirdness & Mutations

You are a hulking beast.
Your limbs bulge with bestial killing power. (Slay +1)
You have sharp claws.
You have razor-sharp teeth.
You have supernaturally acute eyesight. (SInv)
You are covered in thick fur. (AC +2)
Your paws help you pounce on unaware monsters.
You are incapable of wielding weapons or throwing items.
You cannot wear armour.
You gain extra lives every three experience levels.
Your natural rate of healing is unusually fast.
You expend magic power (3 MP) to strengthen your wands.


Message History

You release spores at Duvessa!
Duvessa is moderately wounded.
Duvessa completely misses you. Dowan hits you but does no damage.
You release spores at Duvessa but do no damage.
Duvessa is moderately wounded.
Your surroundings suddenly seem different.
Your transformation is almost over.
You see here a +0 pair of gloves.
You stop sporulating.
You turn into a hulking beast.
There is a stone staircase leading down here.
You fly downwards.
The wyvern hisses angrily.
Found a scroll labelled BIPANU MOGICI, 9 gold pieces and a short sword.
Found a blossoming altar of Fedhas.
Found a stone staircase leading down.
There is a stone staircase leading up here.
You barely miss the wyvern. You bite the wyvern, but do no damage.
The wyvern completely misses you.
You scratch the wyvern.
The wyvern is moderately wounded.
The wyvern bites you.
You scratch the wyvern but do no damage.
Your claw misses the wyvern.
The wyvern is moderately wounded.
The wyvern closely misses you. The wyvern completely misses you.
You scratch the wyvern but do no damage.
Your bite misses the wyvern.
The wyvern is moderately wounded.
The wyvern bites you!
You are too injured to fight recklessly!
You are too injured to fight recklessly!
You closely miss the wyvern.
The wyvern is moderately wounded.
The wyvern bites you. The wyvern bites you!
* * * LOW HITPOINT WARNING * * *
Unknown command.
Okay, then.
It was a potion of curing.
You feel better. The wyvern bites you!
Ouch! That really hurt!
You die...

#. .# . .#
.##.# ### ...
## ..~~
.)...####
~~~..##.#......
.._~?.k....$...
#h#
~..~....>......
.....##.#......
.... #.#......
### #.# .....
..# ..... .##
#### .


You could see a wyvern.

Vanquished Creatures
  Sigmund (D:3)
  An ogre (D:4)
  A bombardier beetle (D:3)
  2 iguanas
  Ijyb (D:2)
  Robin (D:3)
  2 adders (D:4)
  A ribbon worm (D:2)
  4 orcs (D:4)
  6 ball pythons
  2 endoplasms
  A giant cockroach (D:1)
  5 hobgoblins
  4 jackals (D:1)
  3 quokkas
  3 bats
  3 frilled lizards
  14 goblins
  5 kobolds
  2 rats (D:1)
62 creatures vanquished.

Notes
Turn   | Place    | Note
-------+----------+-------------------------------------------
     0 | D:1      | hawla the Felid Shapeshifter began the quest for the Orb.
     0 | D:1      | Reached XP level 1. HP: 10/10 MP: 2/2
    11 | D:1      | Noticed a golden eye
    14 | D:1      | Found a faded altar of an unknown god.
    17 | D:1      | Noticed a golden eye
    17 | D:1      | Noticed a glass eye
    17 | D:1      | Noticed an eye of devastation
   145 | D:1      | Reached XP level 2. HP: 13/14 MP: 3/3
   679 | D:2      | Noticed Ijyb
   692 | D:2      | Reached skill level 1 in Translocations
   708 | D:2      | Killed Ijyb
   709 | D:2      | Reached XP level 3. HP: 3/18 MP: 4/4
  1194 | D:3      | Mangled by an iguana
  1194 | D:3      | Lost a life (0 lives remaining)
  1213 | D:3      | Reached XP level 4. HP: 22/22 MP: 5/5
  1213 | D:3      | Gained a life (1 life remaining)
  1290 | D:3      | Noticed Robin
  1309 | D:3      | Killed Robin
  1310 | D:3      | Reached skill level 3 in Dodging
  1310 | D:3      | Reached skill level 1 in Stealth
  1310 | D:3      | HP: 1/22 [goblin/+0 club[Robin] (2)]
  1311 | D:3      | Gained mutation: You expend magic power (3 MP) to
                  | strengthen your wands. [potion of mutation]
  1311 | D:3      | Gained mutation: Your natural rate of healing is unusually
                  | fast. [potion of mutation]
  1311 | D:3      | Slain by a goblin
  1311 | D:3      | Lost a life (0 lives remaining)
  1326 | D:3      | Noticed Grinder
  1391 | D:3      | Noticed Sigmund
  1395 | D:3      | Killed Sigmund
  1396 | D:3      | Reached skill level 5 in Dodging
  1396 | D:3      | Reached XP level 5. HP: 13/25 MP: 0/6
  1512 | D:3      | Gained mutation: You are covered in thick fur. (AC +2)
                  | [Felid growth]
  1512 | D:3      | Reached XP level 6. HP: 30/30 MP: 0/7
  1947 | D:4      | Reached skill level 6 in Dodging
  1947 | D:4      | Reached skill level 1 in Evocations
  2085 | D:4      | Noticed Duvessa
  2087 | D:4      | Noticed Dowan
  2118 | D:5      | Entered Level 5 of the Dungeon
  2118 | D:5      | Noticed a wyvern
  2118 | D:5      | Found a blossoming altar of Fedhas.
  2124 | D:5      | Slain by a wyvern

Illustrated notes

Levels and vault maps discovered:
D:1:      lightli_arrival_boilingwater, layout_loops_ring,
          hellmonk_ecumenical_altar_watching_god
D:2:      kennysheep_the_goblin_king, layout_basic
D:3:      layout_loops_ring, corexii_shack, minmay_misc_feat_room, uniq_sigmund,
          uniq_grinder, uniq_robin
D:4:      layout_loops_ring, dreamdust_gnoll_farm, uniq_menkaure, uniq_duvessa
D:5:      lemuel_ice_spiral_2, layout_rooms, fedhas_altar_2

Skill      XL: |  1  2  3  4  5  6 |
---------------+-------------------+-----
Unarmed Combat | 4 |  4.6
Translocations | 3 |  3.0
Dodging        | 5 6 |  6.0
Stealth        | 4 |  4.0
Evocations     | 1 |  1.3
Fighting       | |  1.0
Conjurations   | |  0.3
Shapeshifting  | |  2.9

Action                     |  1- 3 |  4- 6 || total
---------------------------+-------+-------++-------
  Melee: Unarmed           |    89 |    83 ||   172
         Punch             |     2 |     2 ||     4
         Bite              |     4 |     8 ||    12
  Evoke: Wand              |       |     7 ||     7
    Use: Scroll            |     7 |     1 ||     8
         Potion            |     1 |     4 ||     5
   Stab: Sleeping          |     2 |       ||     2
         Distracted        |       |     2 ||     2
 Armour: Skin              |    32 |    27 ||    59
  Dodge: Dodged            |    78 |    62 ||   140
